 Dungeon Crawl Stone Soup version 0.17.1-3-g152610e (webtiles) character file.

94941 Lonerover the Warrior (level 15, -5/150 HPs)
             Began as a Minotaur Fighter on Mar 3, 2016.
             Was the Champion of Qazlal.
             Engulfed by a green draconian monk's poison gas (6 damage)
             ... on level 1 of the Abyss.
             The game lasted 01:10:03 (19171 turns).

Lonerover the Warrior (Minotaur Fighter)           Turns: 19171, Time: 01:10:03

Health: -5/150     AC: 31    Str: 25    XL:     15   Next: 65%
Magic:  11/21      EV:  8    Int:  7    God:    Qazlal [******]
Gold:   1907       SH:  0    Dex: 11    Spells: 0 memorised, 14 levels left

rFire  + . .     SeeInvis .     O - +8 battleaxe
rCold  + . .     Rnd*Rage +     M - +0 plate armour {rF+}
rNeg   . . .     SustAt   .     (shield currently unavailable)
rPois  .         Gourm    .     (helmet unavailable)
rElec  +         Spirit   .     P - +0 cloak
rCorr  .         Warding  .     D - +2 pair of gloves
rMut   .         Stasis   .     y - +0 pair of boots
MR     +....                    (no amulet)
Stlth  ..........               G - ring of stealth
                                w - +5 ring of protection

@: confused, lethally poisoned (-5 -> -54), protected from physical damage,
repel missiles, somewhat resistant to hostile enchantments, extremely unstealthy
A: retaliatory headbutt, horns 3, rough black scales 1, berserk 1, clever 1,
cold resistance 1, deformed body, deterioration 1, screaming 1, electricity
resistance, spit poison 2, MP-powered wands
a: Spit Poison, Upheaval, Elemental Force, Disaster Area, Renounce Religion


You were on level 1 of the Abyss.
You worshipped Qazlal.
Qazlal was exalted by your worship.
You were not hungry.

You visited 3 branches of the dungeon, and saw 18 of its levels.
You visited the Abyss 1 time.
You also visited: Ice Cave.

You collected 2169 gold pieces.
You spent 262 gold pieces at shops.

Inventory:

Hand Weapons
 O - a +8 battleaxe (weapon)
Armour
 y - a +0 pair of boots (worn)
 D - a +2 pair of gloves (worn)
 M - a +0 plate armour of fire resistance (worn)
 P - a +0 cloak (worn)
Jewellery
 m - an uncursed ring of flight {unknown}
 q - an uncursed ring of invisibility {unknown}
 w - a +5 ring of protection (left hand)
 x - an uncursed ring of protection from cold {unknown}
 G - a ring of stealth (right hand)
 I - a +3 ring of evasion {unknown}
 J - an uncursed ring of ice {unknown}
 R - a cursed -3 ring of intelligence {unknown}
 T - an uncursed ring of protection from cold {unknown}
Wands
 a - a wand of fire (10)
 b - a wand of polymorph (5)
 k - a wand of invisibility (2)
 r - a wand of confusion (40)
 z - a wand of enslavement (14)
 W - a wand of heal wounds (4)
Scrolls
 f - 5 scrolls of remove curse
 h - 2 scrolls of fear
 i - 4 scrolls of blinking
 l - 8 scrolls of identify
 s - 3 scrolls of recharging
 A - 2 scrolls of teleportation
 E - 5 scrolls of noise
 H - 3 scrolls of magic mapping
 N - a scroll of fog
Potions
 d - a potion of might
 j - a potion of agility
 p - a potion of magic
 B - a potion of flight
 C - a potion of brilliance
Books
 t - a book of Minor Magic

   Spells                             Type                      Level
   a - Magic Dart                     Conjuration                  1
   b - Blink                          Translocation                2
   c - Call Imp                       Summoning                    2
   d - Repel Missiles                 Charms/Air                   2
   e - Slow                           Hexes                        2
   f - Conjure Flame                  Conjuration/Fire             3
   g - Mephitic Cloud                 Conjuration/Poison/Air       3
Comestibles
 n - 5 meat rations
 o - 2 royal jellies


   Skills:
 * Level 18.6 Fighting
 * Level 18.3 Axes
 * Level 15.8 Armour
   Level 3.6 Shields
 - Level 9.4 Invocations


You had 14 spell levels left.
You didn't know any spells.

Dungeon Overview and Level Annotations

Branches:
Dungeon (11/15)            Temple (0/1) D:6            Lair (0/8) D:11
    Orc (4/4) D:11            Elf (3/3) Orc:4

Altars:
Ashenzari
Cheibriados
Dithmenos
Fedhas
Makhleb
Nemelex Xobeh
Qazlal
Ru
Vehumet
Xom
Yredelemnul
Zin
The Shining One

Shops:
D:7 [   D:9 }   D:11 *   Orc:2 %   Orc:4 :*=   Elf:1 :(*   Elf:2 (

Portals:
Trove: Elf:3 (give +4 demon whip)

Annotations:
Elf:3 Louise


Innate Abilities, Weirdness & Mutations

You reflexively headbutt those who attack you in melee.
You have a pair of large horns on your head.
You are partially covered in rough black scales (AC +4, Dex -1).
You tend to lose your temper in combat.
Your mind is acute. (Int +2)
Your flesh is cold resistant.
Armour fits poorly on your strangely shaped body.
Your body sometimes deteriorates upon taking damage.
You occasionally shout uncontrollably at your foes.
You are resistant to electric shocks.
You can spit poison.
You expend magic power (3 MP) to strengthen your wands.


Message History

You are more poisoned.
* * * LOW HITPOINT WARNING * * *
x2 You feel very sick.
* * * LOW HITPOINT WARNING * * *
You feel very sick.
A large abomination comes into view.
* * * LOW HITPOINT WARNING * * *
You feel very sick.
* * * LOW HITPOINT WARNING * * *
You feel very sick.
You are confused.
You feel invigorated.
* * * LOW HITPOINT WARNING * * *
You feel very sick.
The green draconian monk breathes poison at you.
The blast of poison engulfs you!
You are more poisoned.
You are engulfed in poison gas.
You are more poisoned.
You die...

## # ##. ## #
#..# #.. . ..§
#.# # #§## ...#
..##§§###.. ##
###§§§##@#.# # .
.#.###.#q.#### .
## #. ##.§..#§§#
##.# ..§ ##.
#X##.§.##... .
...
#.#§#..#.#§..#..#
.# .. §##..§##. .
# # . .#
#..###.§§§# ..≈.
# # . #
...####.§.# ....
. . . .. # ##.##
#


You could see a green draconian monk and a large abomination.

Vanquished Creatures
  Jorgrun (Elf:3)
  A draconian monk (Abyss:1)
  A deep elf sorcerer (Elf:3)
  A frost giant (IceCv)
  2 deep elf annihilators (Elf:3)
  A deep elf demonologist (Elf:2)
  A deep elf death mage (Elf:3)
  2 deep elf high priests (Elf:2)
  Erolcha (D:10)
  4 ogre magi (Orc:4)
  16 dancing weapons (Elf:2)
  3 death yaks (IceCv)
  An orc high priest (Orc:4)
  Urug (D:11)
  25 deep elf knights
  An unseen horror (D:10)
  6 deep elf summoners
  2 hill giants (D:10)
  21 deep elf conjurers
  A cyclops (D:11)
  A large abomination (Abyss:1)
  An ugly thing (D:11)
  An orc sorcerer (Elf:1)
  An ice statue (IceCv)
  A centaur skeleton (D:11)
  4 small abominations
  2 ancient zymes (Abyss:1)
  A hellwing (Abyss:1)
  A troll (shapeshifter) (Elf:1)
  5 trolls
  16 two-headed ogres
  13 polar bears (IceCv)
  18 deep elf priests
  A hydra skeleton (Abyss:1)
  A trapdoor spider zombie (D:11)
  A spriggan (D:7)
  4 fire bats (D:8)
  A neqoxec (Abyss:1)
  43 deep elf fighters
  A hill giant zombie (D:11)
  32 deep elf magi
  27 yaks
  A warg (Orc:1)
  A hungry ghost (D:11)
  A golden eye (Abyss:1)
  A water moccasin (D:7)
  15 wolves (IceCv)
  2 ice beasts
  A hell hound (D:8)
  5 phantoms
  The ghost of Lonerover the Skirmisher, an amateur MiFi of Cheibriados (D:3)
  3 sky beasts
  10 orc warriors
  A centaur (D:7)
  23 ogres
  A crocodile (D:11)
  A big kobold (D:7)
  8 giant frogs
  A wyvern skeleton (D:11)
  4 scorpions
  8 wights
  A vampire bat (Orc:3)
  2 lava snakes (D:8)
  2 crimson imps
  2 quasits
  5 hounds
  4 jellies
  2 giant frog skeletons (D:6)
  A wasp zombie (D:6)
  2 iron imps (Abyss:1)
  6 orc priests
  7 worker ants
  A statue (D:9)
  An iguana (D:5)
  20 orc wizards
  7 ogre zombies (D:11)
  3 hound skeletons
  2 worker ant zombies
  A gnoll (D:4)
  8 adders
  12 white imps (Orc:2)
  A shadow imp (D:9)
  An ufetubus (Abyss:1)
  An ooze (D:3)
  2 adder skeletons
  3 worms
  4 giant geckos
  111 orcs
  A ball python (D:6)
  13 bats
  2 giant cockroaches
  13 hobgoblins
  17 jackals
  A quokka (D:7)
  A giant gecko zombie (D:5)
  5 giant newts
  5 goblins
  2 goblin skeletons (D:11)
  2 goblin zombies (D:11)
  A hobgoblin skeleton (D:11)
  A hobgoblin zombie (D:11)
  2 jackal zombies
  13 kobolds
  3 orc skeletons (D:11)
  16 orc zombies (D:11)
  2 quokka skeletons
  6 rats
  A crawling corpse (Elf:1)
  2 fire vortices (D:8)
  10 plants (D:11)
687 creatures vanquished.

Vanquished Creatures (others)
  A yak (IceCv)
  A deep elf mage (Elf:2)
  2 deep elf fighters
  A wolf (IceCv)
  A fire vortex (D:8)
  A plant (Elf:3)
7 creatures vanquished.

Grand Total: 694 creatures vanquished

Notes
Turn   | Place    | Note
--------------------------------------------------------------
     0 | D:1      | Lonerover the Minotaur Fighter began the quest for the Orb.
     0 | D:1      | Reached XP level 1. HP: 19/19 MP: 0/0
   253 | D:1      | Reached XP level 2. HP: 27/27 MP: 1/1
   255 | D:1      | Reached skill level 4 in Fighting
   256 | D:1      | Found a shattered altar of Ashenzari.
   765 | D:2      | Found a stormy altar of Qazlal.
   777 | D:2      | Became a worshipper of Qazlal Stormbringer
   801 | D:2      | Found a shimmering altar of Xom.
   881 | D:2      | Reached XP level 3. HP: 32/34 MP: 2/2
  1196 | D:2      | Found a snail-covered altar of Cheibriados.
  1378 | D:2      | Found a sparkling altar of Nemelex Xobeh.
  1378 | D:2      | Found a glowing silver altar of Zin.
  1694 | D:3      | Reached * piety under Qazlal
  1902 | D:3      | Noticed Lonerover's ghost (amateur MiFi)
  1925 | D:3      | Found a shadowy altar of Dithmenos.
  2029 | D:3      | Reached skill level 1 in Invocations
  2217 | D:3      | Found a blossoming altar of Fedhas.
  2290 | D:3      | Reached XP level 4. HP: 41/41 MP: 3/3
  2401 | D:3      | Killed Lonerover's ghost
  2401 | D:3      | Reached skill level 5 in Fighting
  2401 | D:3      | Reached XP level 5. HP: 17/48 MP: 3/5
  2849 | D:4      | Reached skill level 5 in Axes
  2905 | D:4      | Reached XP level 6. HP: 46/57 MP: 6/6
  2934 | D:4      | Reached skill level 6 in Fighting
  3030 | D:4      | Noticed a phantom
  3045 | D:4      | Killed a phantom
  3352 | D:5      | Entered Level 5 of the Dungeon
  3497 | D:5      | Reached XP level 7. HP: 64/64 MP: 6/8
  3516 | D:5      | Reached ** piety under Qazlal
  3518 | D:5      | Found a burning altar of Makhleb.
  3600 | D:5      | Gained mutation: Your mind is acute. (Int +2) [mutagenic meat]
  3615 | D:5      | Reached skill level 7 in Fighting
  3835 | D:5      | Found a sparkling altar of Nemelex Xobeh.
  4133 | D:6      | Reached XP level 8. HP: 74/74 MP: 9/9
  4141 | D:6      | Reached skill level 8 in Fighting
  4470 | D:6      | Reached *** piety under Qazlal
  4678 | D:6      | Found a staircase to the Ecumenical Temple.
  4808 | D:6      | You fall through a shaft!
  4933 | D:7      | Reached skill level 9 in Fighting
  5057 | D:7      | Found Kapaosm's Antique Armour Shoppe.
  5076 | D:7      | Lost mutation: Your mind is acute. (Int +2) [potion of cure mutation]
  5077 | D:7      | Gained mutation: Armour fits poorly on your strangely shaped body. [mutagenic meat]
  5078 | D:7      | Gained mutation: Your mind is acute. (Int +2) [mutagenic meat]
  5079 | D:7      | Gained mutation: Your body sometimes deteriorates upon taking damage. [mutagenic meat]
  5080 | D:7      | Gained mutation: You have a pair of large horns on your head. [mutagenic meat]
  5081 | D:7      | Gained mutation: Your flesh is cold resistant. [mutagenic meat]
  5082 | D:7      | Gained mutation: You are resistant to electric shocks. [mutagenic meat]
  5085 | D:7      | Gained mutation: You can spit weak poison. [potion of mutation]
  5085 | D:7      | Gained mutation: You are partially covered in rough black scales (AC +4, Dex -1). [potion of mutation]
  5085 | D:7      | Gained mutation: You can spit poison. [potion of mutation]
  5131 | D:7      | Reached XP level 9. HP: 77/84 MP: 11/11
  5201 | D:7      | Reached skill level 5 in Invocations
  5230 | D:7      | Found a basalt altar of Yredelemnul.
  5247 | D:7      | Found a glowing golden altar of the Shining One.
  5249 | D:7      | Noticed an angel
  5621 | D:8      | Reached skill level 10 in Fighting
  5622 | D:8      | Found a sacrificial altar of Ru.
  5632 | D:8      | Reached **** piety under Qazlal
  5666 | D:8      | Reached skill level 10 in Axes
  5877 | D:8      | Reached skill level 11 in Fighting
  6048 | D:8      | Got an ominously black robe
  6059 | D:8      | Identified the +1 robe "Xate" {-Cast *Confuse Str+10} (You found it on level 8 of the Dungeon)
  6229 | D:9      | Reached XP level 10. HP: 76/96 MP: 13/13
  6482 | D:9      | Found Daptotiu's Gadget Emporium.
  6744 | D:9      | Found a radiant altar of Vehumet.
  6761 | D:9      | Reached skill level 12 in Fighting
  6990 | D:10     | Entered Level 10 of the Dungeon
  7005 | D:10     | Noticed a hill giant
  7011 | D:10     | Killed a hill giant
  7140 | D:10     | Killed an unseen horror
  7166 | D:10     | Noticed Erolcha
  7173 | D:10     | Reached skill level 13 in Fighting
  7452 | D:10     | Killed Erolcha
  7452 | D:10     | Reached XP level 11. HP: 64/107 MP: 15/15
  8018 | D:10     | Noticed a hill giant
  8024 | D:10     | Killed a hill giant
  8213 | D:11     | Reached ***** piety under Qazlal
  8389 | D:11     | Found a staircase to the Orcish Mines.
  8423 | D:11     | Found a staircase to the Lair.
  8687 | D:11     | Gained mutation: You expend magic power (3 MP) to strengthen your wands. [mutagenic meat]
  8762 | D:11     | Reached skill level 5 in Armour
  8797 | D:11     | Noticed Urug
  8804 | D:11     | Killed Urug
  9073 | D:11     | Found Faryesue's General Store.
  9208 | Orc:1    | Entered Level 1 of the Orcish Mines
  9436 | Orc:2    | Found a frozen archway.
  9450 | Orc:2    | Reached skill level 14 in Fighting
  9452 | Orc:2    | Reached ****** piety under Qazlal
  9476 | IceCv    | Entered an ice cave
  9604 | IceCv    | Reached XP level 12. HP: 54/117 MP: 17/17
 10026 | IceCv    | Noticed a death yak
 10051 | IceCv    | Killed a death yak
 10425 | IceCv    | Noticed a death yak
 10459 | IceCv    | Noticed a death yak
 10464 | IceCv    | Killed a death yak
 10474 | IceCv    | Killed a death yak
 10507 | IceCv    | Noticed a frost giant
 10515 | IceCv    | Killed a frost giant
 10515 | IceCv    | Reached skill level 10 in Armour
 10536 | IceCv    | Identified the Guide on the Hurtful Snowflakes
 11046 | Orc:2    | Found Himef's Food Emporium.
 11725 | Orc:4    | Entered Level 4 of the Orcish Mines
 11727 | Orc:4    | Found Eghykler's Antique Weapon Shop.
 11853 | Orc:4    | Found a staircase to the Elven Halls.
 11856 | Orc:4    | Noticed an ogre mage
 11858 | Orc:4    | Noticed an ogre mage
 11863 | Orc:4    | Paralysed by an ogre mage for 2 turns
 11864 | Orc:4    | Killed an ogre mage
 11864 | Orc:4    | Reached skill level 15 in Fighting
 11865 | Orc:4    | Noticed an ogre mage
 11869 | Orc:4    | Killed an ogre mage
 11885 | Orc:4    | Paralysed by an ogre mage for 4 turns
 11893 | Orc:4    | Killed an ogre mage
 11893 | Orc:4    | Reached XP level 13. HP: 56/126 MP: 19/19
 12144 | Orc:4    | Reached skill level 15 in Axes
 12497 | Orc:4    | Found Eschilugaf's Book Boutique.
 12497 | Orc:4    | Found Cotoept's Jewellery Emporium.
 12498 | Orc:4    | Found Gax Agg's General Store.
 12498 | Orc:4    | Found Nifudghusk's Jewellery Shop.
 12506 | Orc:4    | Bought a scroll of blinking for 97 gold pieces
 12866 | Elf:1    | Entered Level 1 of the Elven Halls
 13575 | Elf:1    | Reached skill level 16 in Fighting
 13618 | Orc:4    | HP: 5/128 [small abomination[a deep elf priest] (7)]
 13622 | Orc:4    | HP: 2/128 [small abomination[a deep elf priest] (8)]
 14227 | Elf:1    | Found Nuanoa Yreps's Weapon Shop.
 14284 | Elf:1    | Gained mutation: You tend to lose your temper in combat. [mutagenic meat]
 14392 | Elf:1    | Found Hudablau's Book Emporium.
 14431 | Elf:1    | Found Agawuedgh's Assorted Antiques.
 14436 | Elf:1    | Bought a potion of heal wounds for 165 gold pieces
 14892 | Elf:1    | Reached XP level 14. HP: 130/138 MP: 20/20
 15213 | Elf:2    | Found Kumaediezu's Antique Weapon Emporium.
 15309 | Elf:2    | Reached skill level 17 in Fighting
 15987 | Elf:2    | Found a huge runed gate.
 15987 | Elf:2    | Found a huge runed gate.
 15987 | Elf:2    | Found a huge runed gate.
 15988 | Elf:2    | Found a huge runed gate.
 15988 | Elf:2    | Found a huge runed gate.
 17321 | Elf:1    | Reached XP level 15. HP: 99/149 MP: 21/21
 17566 | Elf:2    | Reached skill level 18 in Fighting
 17576 | Elf:2    | Reached skill level 15 in Armour
 17693 | Elf:2    | Noticed an Ice Fiend
 18028 | Elf:3    | Entered Level 3 of the Elven Halls
 18178 | Elf:3    | Found a portal to a secret trove of treasure.
 18288 | Elf:3    | Noticed Jorgrun
 18298 | Elf:3    | Killed Jorgrun
 18576 | Elf:3    | Noticed Louise
 18583 | Elf:3    | Noticed a Brimstone Fiend
 18948 | Elf:3    | Noticed a Hell Sentinel
 18950 | Elf:3    | Noticed a Brimstone Fiend
 18954 | Elf:3    | Noticed a Brimstone Fiend
 18961 | Elf:3    | Noticed an Executioner
 18962 | Elf:3    | Cast into the Abyss (a deep elf sorcerer)
 19129 | Abyss:1  | Noticed a green draconian monk
 19129 | Abyss:1  | Noticed a green draconian monk
 19140 | Abyss:1  | Killed a green draconian monk
 19150 | Abyss:1  | HP: 6/150 [poisoned by something (poison gas)]
 19159 | Abyss:1  | Gained mutation: You occasionally shout uncontrollably at your foes. [a neqoxec]
 19167 | Abyss:1  | HP: 7/150 [poisoned by a green draconian monk (poison gas)]
 19169 | Abyss:1  | HP: 1/150 [poisoned by a green draconian monk (poison gas)]
 19171 | Abyss:1  | Engulfed by a green draconian monk's poison gas

Action                   |  1- 3 |  4- 6 |  7- 9 | 10-12 | 13-15 || total
-------------------------+-------+-------+-------+-------+-------++-------
Melee: War axe           |   102 |    92 |   209 |       |       ||   403
       Broad axe         |       |       |    86 |   182 |       ||   268
       Battleaxe         |       |       |       |   350 |   730 ||  1080
Invok: Disaster Area     |       |       |       |       |     2 ||     2
 Abil: Spit Poison       |       |       |       |       |     1 ||     1
  Use: Scroll            |       |       |    13 |     7 |     8 ||    28
       Potion            |       |       |    12 |     5 |    15 ||    32
 Stab: Paralysed         |       |       |     2 |       |       ||     2
       Invisible         |       |       |     1 |       |       ||     1
  Eat: Chunk             |     3 |     5 |    14 |     8 |     1 ||    31
       Pizza             |       |       |     1 |       |       ||     1
       Bread ration      |       |       |       |     3 |     5 ||     8
       Meat ration       |       |       |       |     1 |     1 ||     2
       Beef jerky        |       |       |       |       |     1 ||     1
